Map: Thunderbird LE

Players

DPGPartinG (PartinG) - Winner!

  • Race: Protoss Protoss
  • Spawn Location: 5:00

HeroMarine

  • Race: Terran Terran
  • League: Master
  • Spawn Location: 11:00

Event: HomeStory Cup XX

VOD

Have the link to the VOD?

Description

Time

  • Played on: Nov. 21, 2019, 2:05 p.m.
  • Length: 10:39

All games in this series

Show
View Real Time Build Order
Export as new Build Order

DPGPartinG Protoss - Winner!

Build Orders: 1 Gate Expand, Blink Stalkers 

Get SALT Encoding   

  12  0:00  Probe  
  13  0:12  Probe  
  14  0:17  Pylon  
  14  0:24  Probe  
  15  0:32  Probe  
  15  0:36  Gateway  
  15  0:40  Probe  
  16  0:46  Assimilator  
  17  0:51  Probe  
  18  1:03  Probe  
  19  1:15  Probe  
  20  1:22  Cybernetics Core  
  20  1:32  Nexus  
  20  1:41  Pylon  
  20  1:42  Probe  
  21  1:49  Assimilator, Adept  
  21  1:54  Probe  
  24  2:01  Warp Gate  
  24  2:06  Probe  
  25  2:10  Stalker  
  25  2:18  Probe  
  28  2:31  Twilight Council  
  28  2:33  Probe  
  29  2:39  Stalker  
  29  2:42  Probe  
  29  2:44  Blink  
  31  2:45  Probe  
  31  2:50  Probe  
  34  2:58  Probe  
  34  3:00  Probe  
  36  3:10  Probe  
  36  3:12  Probe  
  38  3:22  Probe  
  38  3:24  Probe  
  38  3:25  Robotics Facility  
  38  3:32  Gateway  
  38  3:35  Probe  
  38  3:36  Probe  
  40  3:47  Probe  
  42  3:48  Probe  
  42  3:52  Nexus  
  42  3:55  Stalker  
  44  3:59  Probe  
  44  4:00  Probe  
  46  4:03  Pylon  
  46  4:08  Pylon  
  46  4:09  Assimilator  
  46  4:17  Forge  
  46  4:21  Observer, Probe x2  
  49  4:24  Stalker  
  49  4:27  Stalker  
  49  4:30  Protoss Ground Weapons Level 1  
  53  4:33  Pylon, Probe x2  
  53  4:37  Pylon  
  55  4:41  Charge  
  55  4:45  Probe x2  
  57  4:50  Observer  
  58  4:55  Gateway  
  58  4:56  Gateway  
  58  4:58  Probe  
  59  5:00  Probe  
  59  5:02  Sentry  
  62  5:07  Stalker  
  62  5:09  Probe  
  62  5:10  Probe  
  62  5:12  Probe  
  67  5:22  Probe x2  
  67  5:23  Observer  
  67  5:24  Probe  
  67  5:27  Gateway  
  67  5:28  Gateway  
  71  5:34  Warp Prism  
  71  5:40  Probe x3  
  72  5:46  Gateway  
  72  5:48  Sentry, Gateway  
  72  5:49  Pylon  
  76  5:51  Pylon  
  76  5:57  Stalker x3  
  76  6:00  Probe x2  
  76  6:01  Probe  
  85  6:04  Assimilator  
  85  6:06  Assimilator  
  85  6:07  Immortal  
  85  6:08  Assimilator  
  85  6:16  Zealot  
  91  6:19  Protoss Ground Armor Level 1  
  91  6:22  Zealot x3  
  91  6:25  Pylon  
  96  6:28  Robotics Bay  
  96  6:30  Probe x3  
  99  6:35  Zealot x2  
  103  6:42  Probe x3  
  106  6:48  Pylon  
  106  6:50  Pylon  
  106  6:57  Nexus  
  104  7:02  Colossus  
  102  7:11  Extended Thermal Lance  
  102  7:13  Zealot x3  
  102  7:14  Zealot x5  
  117  7:30  Probe x3  
  117  7:33  Pylon  
  119  7:37  Zealot x5  
  119  7:42  Sentry, Zealot x2  
  133  7:53  Warp Prism, Probe, Templar Archives  
  133  7:54  Probe x2  
  126  8:00  Protoss Ground Armor Level 2  
  126  8:04  Stalker x4  
  128  8:11  Photon Cannon  
  126  8:14  Shield Battery  
  126  8:15  Probe  
  126  8:16  Probe  
  126  8:19  Colossus  
  128  8:29  Forge  
  128  8:32  High Templar x3  
  128  8:33  High Templar, Zealot  
  144  8:36  Archon  
  144  8:37  Archon  
  144  8:43  Zealot x3  
  130  9:03  Colossus  
  130  9:06  Zealot x8  
  146  9:10  Gateway x2  
  146  9:27  Zealot x6  
  156  9:33  Pylon  
  156  9:34  Pylon  
  156  9:36  Nexus  
  156  9:37  Pylon x2  
  154  9:55  Zealot  
  154  9:56  Zealot x7  
  174  10:03  Assimilator x2  
  174  10:07  Stalker x2  
  154  10:26  Zealot x8  
  152  10:33  Stalker x2  
Show
View Real Time Build Order
Export as new Build Order

HeroMarine Terran 

Build Orders: Reaper Expand 

Get SALT Encoding   

  12  0:00  SCV  
  13  0:12  SCV  
  14  0:17  Supply Depot  
  14  0:24  SCV  
  15  0:38  SCV  
  15  0:40  Barracks  
  16  0:43  Refinery  
  16  0:50  SCV  
  17  1:02  SCV  
  18  1:15  SCV  
  19  1:27  Orbital Command, Reaper  
  20  1:47  Command Center  
  20  1:52  SCV  
  21  1:56  Supply Depot  
  21  1:59  Marine  
  22  2:04  SCV  
  23  2:08  Factory  
  23  2:17  Marine, SCV  
  25  2:27  Bunker  
  25  2:29  SCV  
  26  2:35  Barracks Reactor  
  25  2:42  SCV  
  26  2:52  Factory Tech Lab  
  26  2:54  SCV  
  27  3:04  Orbital Command  
  27  3:06  SCV  
  27  3:13  Marine x2  
  27  3:14  Cyclone  
  27  3:18  SCV  
  32  3:30  Command Center, SCV  
  32  3:33  SCV  
  33  3:37  Marine x2  
  35  3:42  SCV  
  35  3:45  SCV  
  35  3:47  Barracks  
  37  3:54  Widow Mine, SCV  
  40  3:57  SCV  
  40  3:58  Marine  
  40  3:59  Marine  
  43  4:04  Barracks  
  43  4:06  SCV  
  43  4:09  SCV  
  46  4:21  Supply Depot, SCV  
  46  4:23  Engineering Bay  
  46  4:37  Factory Tech Lab  
  46  4:38  Refinery  
  46  4:39  Refinery  
  46  4:41  Marine x2  
  46  4:42  SCV x2  
  46  4:43  Orbital Command  
  46  4:44  Stimpack  
  46  4:45  Marauder  
  52  4:49  Terran Infantry Weapons Level 1  
  51  4:54  SCV x2  
  53  5:01  Marine x2  
  53  5:03  Marauder  
  53  5:06  Missile Turret, SCV x2  
  53  5:07  Marauder  
  61  5:09  SCV  
  61  5:10  Supply Depot  
  61  5:18  SCV x2  
  61  5:21  SCV  
  61  5:22  Combat Shield  
  61  5:24  Marauder  
  61  5:28  Marauder  
  66  5:30  SCV x2  
  66  5:33  SCV  
  69  5:41  Marine x2  
  69  5:42  SCV x2  
  71  5:45  SCV  
  71  5:46  Marauder  
  71  5:47  Refinery  
  71  5:48  Starport  
  71  5:49  Marauder  
  76  5:50  Factory Reactor  
  76  5:54  Supply Depot, SCV  
  76  5:56  Supply Depot  
  77  5:58  Orbital Command  
  77  6:07  Marine  
  77  6:09  SCV  
  77  6:11  Marine  
  77  6:16  Marauder x2, SCV  
  82  6:21  SCV  
  82  6:23  Supply Depot  
  82  6:24  Supply Depot  
  82  6:25  Marine  
  84  6:26  SCV  
  84  6:28  SCV  
  84  6:29  Marine  
  87  6:34  SCV  
  87  6:36  Factory Reactor  
  87  6:38  Marauder x2, Medivac, SCV  
  93  6:43  Supply Depot  
  93  6:44  Marine, Terran Infantry Armor Level 1  
  93  6:45  Medivac, SCV  
  93  6:46  Supply Depot, SCV  
  93  6:47  Marine  
  98  6:49  Supply Depot  
  98  6:50  SCV  
  100  6:57  SCV  
  100  6:58  SCV  
  100  7:02  SCV  
  100  7:06  Marauder x2  
  101  7:09  SCV  
  101  7:10  SCV  
  101  7:13  Marine x2  
  101  7:14  SCV  
  106  7:16  Widow Mine x2  
  106  7:21  SCV  
  106  7:22  SCV  
  98  7:27  Marauder x2  
  98  7:28  Orbital Command  
  94  7:31  Marine  
  94  7:33  SCV  
  94  7:34  SCV  
  94  7:35  Medivac x2  
  98  7:38  Widow Mine x2  
  98  7:43  Marine, Concussive Shells  
  102  7:45  SCV  
  102  7:46  SCV  
  102  7:48  Marine, Barracks  
  102  7:49  Orbital Command, Barracks  
  105  7:57  SCV  
  103  7:58  SCV  
  103  8:00  Marauder  
  103  8:02  Marine  
  103  8:03  Marine  
  103  8:04  Widow Mine x2  
  110  8:09  SCV  
  110  8:10  SCV  
  110  8:11  Medivac  
  113  8:13  Medivac  
  113  8:17  SCV  
  116  8:22  SCV x2  
  117  8:30  Marine x2, Supply Depot x2, SCV  
  117  8:31  Marauder  
  117  8:34  SCV, Armory  
  123  8:35  SCV  
  123  8:37  Engineering Bay  
  124  8:41  Missile Turret  
  124  8:42  Barracks Tech Lab, Barracks Reactor  
  124  8:43  SCV  
  124  8:47  SCV x2  
  124  8:48  Refinery  
  125  8:49  Refinery, Widow Mine, Marauder  
  125  8:50  Widow Mine  
  125  8:55  SCV  
  119  8:56  Marauder  
  119  8:59  SCV x2  
  119  9:04  Medivac x2  
  119  9:06  Marine x2, Marauder  
  123  9:11  Marauder, Widow Mine x2  
  123  9:15  Supply Depot  
  129  9:17  Marauder  
  129  9:19  Marine  
  129  9:21  Marine  
  129  9:24  Marine x2  
  120  9:27  Marauder  
  123  9:32  Marauder, Orbital Command  
  123  9:33  Widow Mine x2  
  123  9:34  Viking x2  
  123  9:37  Marine  
  136  9:38  Marauder  
  136  9:41  Marine x2  
  137  9:47  Marine  
  135  9:53  Marauder  
  135  9:59  Widow Mine x2  
  141  10:00  Marauder  
  141  10:04  Viking x2  
  141  10:06  Marine  
  141  10:07  Marine x3  
  139  10:15  Marauder  
Tags
 
Add a new tag
Caveats
  • Supply blocks, unpowered buildings, or Contaminate may cause inaccurate times.
  • Supply counts are checked every 10 seconds.